 Dungeon Crawl Stone Soup version 0.32-a0-921-g04a7ad8 (webtiles) character file.

Game seed: 9334490169997821773

53 Tyr the Shooter (level 3, 0/18 HPs)
             Began as a Spriggan Hunter on Apr 11, 2024.
             Succumbed to an adder's poison
             ... on level 3 of the Dungeon.
             The game lasted 00:01:34 (2018 turns).

Tyr the Shooter (Spriggan Hunter)                   Turns: 2018, Time: 00:01:35

Health: 0/18       AC:  2    Str: 11    XL:     3   Next: 64%
Magic:  4/4        EV: 17    Int:  9    God:
Gold:   94         SH:  0    Dex: 19    Spells: 2/2 levels left

rFire   + . .        a - +0 shortbow
rCold   + . .        (shield currently unavailable)
rNeg    . . .        c - +0 robe
rPois   +            (helmet restricted)
rElec   +            (no cloak)
rCorr   +            (gloves unavailable)
SInv    +            (boots unavailable)
Will    .....        (no amulet)
Stlth   ++           (no ring)
HPRegen 0.23/turn    (no ring)
MPRegen 0.09/turn

%: no passive effects
@: brilliant, lethally poisoned (0 -> -3), resistant, hasted, very quick
A: very small, no large weapons, unfitting armour, see invisible, speed 3, horns
1, mutation resistance 1, strong 1
a: no special abilities


You were on level 3 of the Dungeon.
You visited 1 branch of the dungeon, and saw 3 of its levels.

You collected 94 gold pieces.

Inventory:

Hand Weapons
 a - a +0 shortbow (weapon)
 f - a +1 dagger of protection
Armour
 c - a +0 robe (worn)
Jewellery
 d - an amulet of reflection
 h - a ring of fire
Scrolls
 b - a scroll of butterflies
 g - a scroll of vulnerability {unknown}
 i - a scroll of fog {unknown}
 j - 2 scrolls of identify {unknown}
 k - 2 scrolls of fear {unknown}
 l - 2 scrolls of teleportation {unknown}
 o - a scroll of blinking {unknown}


   Skills:
 - Level 2.0 Fighting
 + Level 5.1 Ranged Weapons
 - Level 3.0 Dodging
 - Level 1.5 Stealth


You had 2 spell levels left.
You didn't know any spells.
Your spell library was empty.

Dungeon Overview and Level Annotations

Branches:
Dungeon (3/15)

Altars:


Innate Abilities, Weirdness & Mutations

You are very small and have problems with some larger weapons.
You are too small for most types of armour.
You have supernaturally acute eyesight. (SInv)
You cover ground extremely quickly. (Speed+++)
You have a pair of small horns on your head.
You are somewhat resistant to further mutation.
Your muscles are strong. (Str +4, Int/Dex -1)


Message History

You shoot an arrow. The arrow hits the adder.
The adder is heavily wounded.
The adder bites you.
You shoot an arrow. The arrow barely misses the adder.
The adder barely misses you. The adder bites you.
You are poisoned.
The adder poisons you!
You shoot an arrow. The arrow hits the adder.
The adder is heavily wounded.
You feel sick. The adder bites you.
You are lethally poisoned!
The adder poisons you!
You shoot an arrow. The arrow barely misses the adder.
You feel very sick. The adder misses you. The adder closely misses you.
You are too injured to fight recklessly!
You are too injured to fight recklessly!
You are too injured to fight recklessly!
You are too injured to fight recklessly!
You are too injured to fight recklessly!
It was a potion of brilliance.
You feel clever all of a sudden.
* * * LOW HITPOINT WARNING * * *
You feel very sick. The adder closely misses you.
It was a potion of mutation.
You feel extremely strange.
You feel genetically stable.
You feel stronger. A pair of horns grows on your head!
* * * LOW HITPOINT WARNING * * *
You feel sick. The adder closely misses you.
Unknown command.
It was a potion of resistance.
You feel protected.
* * * LOW HITPOINT WARNING * * *
You feel sick. The adder closely misses you.
It was a potion of haste.
You feel yourself speed up.
* * * LOW HITPOINT WARNING * * *
You feel sick. The adder bites you but does no damage.
The adder closely misses you.
You die...

..##.##...###.. .. #.
##.##.####.# #.. ...
#.##. ...# #.# #..
....##.#...#### #.###..
..#....#. #.##...
....... ##.##... #....#
###....... . #...$#
#.........
...##..@.######.###..#..
............##..# #..#..
..###...###....## #.....
......S..............#..
....$...###.#.#######...
............#... .....
................# #.)...
...####...###...........
... ###. ............


You could see an adder.

Vanquished Creatures
  A dart slug (D:2)
  A ribbon worm (D:3)
  6 ball pythons
  5 bats
  2 endoplasms
  3 giant cockroaches
  5 goblins
  7 hobgoblins
  5 kobolds
  3 quokkas (D:1)
  A frilled lizard (D:2)
  4 rats
43 creatures vanquished.

Notes
Turn   | Place    | Note
-------+----------+-------------------------------------------
     0 | D:1      | Tyr the Spriggan Hunter began the quest for the Orb.
     0 | D:1      | Reached XP level 1. HP: 10/10 MP: 2/2
   340 | D:1      | Reached XP level 2. HP: 10/15 MP: 3/3
   928 | D:2      | Reached XP level 3. HP: 18/18 MP: 4/4
  1730 | D:2      | Reached skill level 5 in Ranged Weapons
  2014 | D:3      | Gained mutation: You are somewhat resistant to further
                  | mutation. [potion of mutation]
  2014 | D:3      | Gained mutation: Your muscles are strong. (Str +4, Int/Dex
                  | -1) [potion of mutation]
  2014 | D:3      | Gained mutation: You have a pair of small horns on your
                  | head. [potion of mutation]
  2018 | D:3      | Succumbed to an adder's poison

Illustrated notes

Levels and vault maps discovered:
D:1:      heliophobic_arrival_ceremonial_halls, layout_loops_corners
D:2:      layout_basic
D:3:      layout_rooms

Skill      XL: |  1  2  3 |
---------------+----------+-----
Dodging        | 3 |  3.0
Fighting       | 2 |  2.0
Ranged Weapons | 5 |  5.1
Stealth        | |  1.5

Action                     || total
---------------------------++-------
   Fire: Shortbow          ||   101
    Use: Potion            ||     4
 Armour: Robe              ||    17
  Dodge: Dodged            ||    26

Table legend: (Time is in decaauts)
 A = Elapsed time spent in this place.
 B = Non-inter-level travel time spent in this place.
 C = Inter-level travel time spent in this place.
 D = Time resting spent in this place.
 E = Time spent auto-exploring this place.
 F = Levels seen in this place.
 G = Mean time per level.
                   A        B        C        D        E       F      G
               +--------+--------+--------+--------+--------+-----+--------+
         Total |   1326 |   1290 |     36 |      0 |   1108 |   3 |  442.0 |
       Dungeon |   1326 |   1290 |     36 |      0 |   1108 |   3 |  442.0 |
               +--------+--------+--------+--------+--------+-----+--------+

Top non-repeatable levels by time:
     D:2: 663 daAuts
     D:1: 578 daAuts
     D:3: 84 daAuts
